TOP OF THE 1ST |
Athletic Club KC Reserves batting - Pitching for Naperville Battlekings : RHP Jim Unknown
|
Pitching: RHP Jim Unknown
|
|
Batting: RHB Javier Díaz
|
0-0: Called Strike 0-1: Ground out 6-3 (Groundball, 6)
|
Batting: RHB Karl Stevens
|
0-0: Called Strike 0-1: Foul Ball, location: 2F 0-2: Ball 1-2: Foul Ball, location: 2F 1-2: Foul Ball, location: 2F 1-2: DOUBLE (Groundball, 3L)
|
Batting: LHB Rafael García
|
0-0: Ball 1-0: Foul Ball, location: 2F 1-1: Foul Ball, location: 2F 1-2: Ball 2-2: Ground out 4-3 (Groundball, 34) Karl Stevens to third
|
Batting: RHB Nick Simmons
|
0-0: Swinging Strike 0-1: Ball 1-1: Foul Ball, location: 2F 1-2: Fly out, F8 (Flyball, 8LM)
|
Top of the 1st over - 0 run(s), 1 hit(s), 0 error(s), 1 left on base; Athletic Club KC 0 - Naperville 0 |
BOTTOM OF THE 1ST |
Naperville Battlekings batting - Pitching for Athletic Club KC Reserves : RHP Chip Scott
|
Pitching: RHP Chip Scott
|
|
Batting: RHB Wayne Bannatyne
|
0-0: TRIPLE (Flyball, 89XD)
|
Batting: RHB Joe Ferneyhough
|
0-0: Called Strike 0-1: Ball 1-1: Ball 2-1: SINGLE (Flyball, 89S) Wayne Bannatyne scores
|
Batting: LHB Cristo Ramírez
|
0-0: Called Strike 0-1: Ball 1-1: Swinging Strike 1-2: Foul Ball, location: 2F 1-2: Foul Ball, location: 2F 1-2: Foul Ball, location: 2F 1-2: Ball 2-2: Ball 3-2: Base on Balls Joe Ferneyhough to second
|
Batting: LHB Steven Johnstone
|
0-0: Called Strike 0-1: Fly out, F8 (Line Drive, 8RM)
|
Batting: RHB Earnest Veeck
|
0-0: Called Strike 0-1: Fly out, F7 (Line Drive, 7D) Runner from 2nd tags up, SAFE at 3rd, no throw
|
Batting: RHB Carlos Gómez
|
0-0: Called Strike 0-1: Foul Ball, location: 2F 0-2: Foul Ball, location: 2F 0-2: Fielders Choice at 2nd, 6-4 (Groundball, 6)
|
Bottom of the 1st over - 1 run(s), 2 hit(s), 0 error(s), 1 left on base; Athletic Club KC 0 - Naperville 1 |
TOP OF THE 2ND |
Athletic Club KC Reserves batting - Pitching for Naperville Battlekings : RHP Jim Unknown
|
Batting: RHB Robert Hill
|
0-0: Ball 1-0: Ball 2-0: Fly out, F9 (Flyball, 9S)
|
Batting: RHB Adam Hennessey
|
0-0: Ball 1-0: Called Strike 1-1: Ball 2-1: Foul Ball, location: 2F 2-2: Foul Ball, location: 2F 2-2: Ball 3-2: Strikes out swinging
|
Batting: RHB Jason Dunn
|
0-0: Fly out, F7 (Flyball, 7M)
|
Top of the 2nd over - 0 run(s), 0 hit(s), 0 error(s), 0 left on base; Athletic Club KC 0 - Naperville 1 |
BOTTOM OF THE 2ND |
Naperville Battlekings batting - Pitching for Athletic Club KC Reserves : RHP Chip Scott
|
Batting: LHB Jack Mason
|
0-0: Swinging Strike 0-1: Ball 1-1: Bunted foul 1-2: Ball 2-2: Foul Ball, location: 2F 2-2: SINGLE (Groundball, 34D)
|
Batting: RHB Marcus Wade
|
0-0: Ball 1-0: SINGLE (Line Drive, 78M) Jack Mason to second
|
Batting: RHB Sal Haynes
|
0-0: Ball 1-0: Called Strike 1-1: SINGLE (Line Drive, 6MD) Jack Mason to third Marcus Wade to second Runner from 3rd tries for Home, SAFE, no throw or cutoff
|
Batting: RHB Wayne Bannatyne
|
0-0: Ball 1-0: Ball 2-0: Ball 3-0: Base on Balls Marcus Wade to third Sal Haynes to second
|
Batting: RHB Joe Ferneyhough
|
0-0: Ball 1-0: Ball 2-0: Swinging Strike 2-1: Swinging Strike 2-2: Strikes out swinging
|
Batting: LHB Cristo Ramírez
|
0-0: Fly out, F9 (Flyball, 89M) Runner from 3rd tags up, SCORES, throw made
|
Batting: LHB Steven Johnstone
|
0-0: Foul Ball, location: 2F 0-1: Foul Ball, location: 2F 0-2: Ball 1-2: Ball 2-2: Ball 3-2: Strikes out swinging
|
Bottom of the 2nd over - 2 run(s), 3 hit(s), 0 error(s), 2 left on base; Athletic Club KC 0 - Naperville 3 |
TOP OF THE 3RD |
Athletic Club KC Reserves batting - Pitching for Naperville Battlekings : RHP Jim Unknown
|
Batting: RHB Eddie O'Bryan
|
0-0: Ball 1-0: Foul Ball, location: 2F 1-1: Ball 2-1: Ball 3-1: Fly out, F3 (Popup, 3)
|
Batting: RHB Allen Murphy
|
Error on foul ball, E7 0-1: Ball 1-1: Ground out 6-3 (Groundball, 6M)
|
Batting: RHB Javier Díaz
|
0-0: Called Strike 0-1: SINGLE (Groundball, 4M)
|
Batting: RHB Karl Stevens
|
0-0: Ball 1-0: Foul Ball, location: 2F 1-1: Called Strike Javier Díaz steals 2nd base 1-2: Ball 2-2: Strikes out swinging
|
Top of the 3rd over - 0 run(s), 1 hit(s), 1 error(s), 1 left on base; Athletic Club KC 0 - Naperville 3 |
BOTTOM OF THE 3RD |
Naperville Battlekings batting - Pitching for Athletic Club KC Reserves : RHP Chip Scott
|
Batting: RHB Earnest Veeck
|
0-0: Ball 1-0: Called Strike 1-1: Ball 2-1: SOLO HOME RUN (Flyball, 7LD), Distance : 355 ft
|
Batting: RHB Carlos Gómez
|
0-0: Called Strike 0-1: Ball 1-1: Ball 2-1: Foul Ball, location: 2F 2-2: Ball 3-2: Ground out 5-3 (Groundball, 56S)
|
Batting: LHB Jack Mason
|
0-0: Ground out 4-3 (Groundball, 34)
|
Batting: RHB Marcus Wade
|
0-0: Fly out, F9 (Flyball, 9D)
|
Bottom of the 3rd over - 1 run(s), 1 hit(s), 0 error(s), 0 left on base; Athletic Club KC 0 - Naperville 4 |
TOP OF THE 4TH |
Athletic Club KC Reserves batting - Pitching for Naperville Battlekings : RHP Jim Unknown
|
Batting: LHB Rafael García
|
0-0: Swinging Strike 0-1: Ball 1-1: Ground out U3 (Groundball, 3)
|
Batting: RHB Nick Simmons
|
0-0: Ball 1-0: Swinging Strike 1-1: Swinging Strike 1-2: Ground out 6-3 (Groundball, 6)
|
Batting: RHB Robert Hill
|
0-0: Fly out, F3 (Line Drive, 34S)
|
Top of the 4th over - 0 run(s), 0 hit(s), 0 error(s), 0 left on base; Athletic Club KC 0 - Naperville 4 |
BOTTOM OF THE 4TH |
Naperville Battlekings batting - Pitching for Athletic Club KC Reserves : RHP Chip Scott
|
Batting: RHB Sal Haynes
|
0-0: Swinging Strike 0-1: Swinging Strike 0-2: Ball 1-2: Foul Ball, location: 2F 1-2: Ball 2-2: Strikes out swinging
|
Batting: RHB Wayne Bannatyne
|
0-0: Ball 1-0: Fly out, F8 (Flyball, 8LM)
|
Batting: RHB Joe Ferneyhough
|
0-0: Ball 1-0: Ball 2-0: Foul Ball, location: 2F 2-1: Swinging Strike 2-2: Ball 3-2: Strikes out looking
|
Bottom of the 4th over - 0 run(s), 0 hit(s), 0 error(s), 0 left on base; Athletic Club KC 0 - Naperville 4 |
TOP OF THE 5TH |
Athletic Club KC Reserves batting - Pitching for Naperville Battlekings : RHP Jim Unknown
|
Batting: RHB Adam Hennessey
|
0-0: Ball 1-0: Bunted foul 1-1: Ball 2-1: Ball 3-1: Foul Ball, location: 2F 3-2: SINGLE (Groundball, 5S)
|
Batting: RHB Jason Dunn
|
0-0: Called Strike 0-1: Hit by Pitch Adam Hennessey to second
|
Batting: RHB Eddie O'Bryan
|
0-0: Ball 1-0: Sac Bunt - play at first, batter OUT! U3 Adam Hennessey to third Jason Dunn to second
|
Batting: RHB Allen Murphy
|
0-0: Called Strike 0-1: Called Strike 0-2: DOUBLE (Flyball, 8RD) Adam Hennessey scores Jason Dunn scores
|
Batting: RHB Javier Díaz
|
0-0: Called Strike 0-1: Foul Ball, location: 2F 0-2: Ball 1-2: SINGLE (Line Drive, 56) Allen Murphy to third
|
Batting: RHB Karl Stevens
|
0-0: Foul Ball, location: 2F 0-1: Called Strike Javier Díaz steals 2nd base 0-2: Strikes out swinging
|
Batting: LHB Rafael García
|
0-0: Ball 1-0: Swinging Strike 1-1: Fly out, F9 (Flyball, 9M)
|
Top of the 5th over - 2 run(s), 3 hit(s), 0 error(s), 2 left on base; Athletic Club KC 2 - Naperville 4 |
BOTTOM OF THE 5TH |
Naperville Battlekings batting - Pitching for Athletic Club KC Reserves : RHP Chip Scott
|
Batting: LHB Cristo Ramírez
|
0-0: Foul Ball, location: 2F 0-1: Ball 1-1: SINGLE (Groundball, 6S)
|
Batting: LHB Steven Johnstone
|
0-0: Ball 1-0: Foul Ball, location: 2F 1-1: DOUBLE (Line Drive, 8LM) Cristo Ramírez to third
|
Pitching: RHP Alberto Díaz
|
|
Batting: RHB Earnest Veeck
|
0-0: Ball 1-0: Ball 2-0: 3-RUN HOME RUN (Flyball, 89D), Distance : 389 ft
|
Batting: RHB Carlos Gómez
|
0-0: Ball 1-0: Foul Ball, location: 2F 1-1: Ball 2-1: Foul Ball, location: 2F 2-2: Strikes out swinging
|
Batting: LHB Jack Mason
|
0-0: Ball 1-0: Called Strike 1-1: Fly out, F7 (Flyball, 78M)
|
Batting: RHB Marcus Wade
|
0-0: Called Strike 0-1: Foul Ball, location: 2F 0-2: Strikes out swinging
|
Bottom of the 5th over - 3 run(s), 3 hit(s), 0 error(s), 0 left on base; Athletic Club KC 2 - Naperville 7 |
TOP OF THE 6TH |
Athletic Club KC Reserves batting - Pitching for Naperville Battlekings : RHP Jim Unknown
|
Batting: RHB Nick Simmons
|
0-0: Ball 1-0: Ball 2-0: Ball 3-0: Called Strike 3-1: Swinging Strike 3-2: Ground out 3-1 (Groundball, 34)
|
Batting: RHB Robert Hill
|
0-0: Ball 1-0: Ball 2-0: Foul Ball, location: 2F 2-1: Ball 3-1: Base on Balls
|
Batting: RHB Adam Hennessey
|
0-0: Swinging Strike 0-1: Ball 1-1: Fly out, F8 (Line Drive, 8RS)
|
Batting: RHB Jason Dunn
|
0-0: Ball 1-0: Swinging Strike 1-1: Fly out, F7 (Flyball, 78M)
|
Top of the 6th over - 0 run(s), 0 hit(s), 0 error(s), 1 left on base; Athletic Club KC 2 - Naperville 7 |
BOTTOM OF THE 6TH |
Naperville Battlekings batting - Pitching for Athletic Club KC Reserves : RHP Alberto Díaz
|
Batting: RHB Sal Haynes
|
0-0: Ball 1-0: Called Strike 1-1: Ball 2-1: Foul Ball, location: 2F 2-2: Strikes out swinging
|
Batting: RHB Wayne Bannatyne
|
0-0: Ball 1-0: SINGLE (Groundball, 5D)
|
Batting: RHB Joe Ferneyhough
|
0-0: Foul Ball, location: 2F 0-1: Foul Ball, location: 2F 0-2: Ball 1-2: Ball Wayne Bannatyne is caught stealing 2nd base 2-2: Foul Ball, location: 2F 2-2: Foul Ball, location: 2F 2-2: Ball 3-2: Ground out 4-3 (Groundball, 34D)
|
Bottom of the 6th over - 0 run(s), 1 hit(s), 0 error(s), 0 left on base; Athletic Club KC 2 - Naperville 7 |
TOP OF THE 7TH |
Athletic Club KC Reserves batting - Pitching for Naperville Battlekings : RHP Jim Unknown
|
Pitching: RHP Waylon Anderson
|
|
Batting: RHB Eddie O'Bryan
|
0-0: Ball 1-0: Ball 2-0: Ground out 1-3 (Groundball, 13S)
|
Batting: RHB Allen Murphy
|
0-0: Called Strike 0-1: Foul Ball, location: 2F 0-2: Ball 1-2: Ball 2-2: Strikes out swinging
|
Batting: RHB Javier Díaz
|
0-0: Fly out, F7 (Flyball, 7M)
|
Top of the 7th over - 0 run(s), 0 hit(s), 0 error(s), 0 left on base; Athletic Club KC 2 - Naperville 7 |
BOTTOM OF THE 7TH |
Naperville Battlekings batting - Pitching for Athletic Club KC Reserves : RHP Alberto Díaz
|
Pitching: RHP Gerd Jans
|
|
Batting: LHB Cristo Ramírez
|
0-0: Called Strike 0-1: Called Strike 0-2: SINGLE (Flyball, 89S)
|
Batting: LHB Steven Johnstone
|
0-0: Ball 1-0: Ball 2-0: DOUBLE (Groundball, 5L) Cristo Ramírez to third
|
Batting: RHB Earnest Veeck
|
0-0: Ball 1-0: Called Strike 1-1: Foul Ball, location: 2F 1-2: Ball 2-2: Foul Ball, location: 2F 2-2: Hit by Pitch
|
Batting: RHB Carlos Gómez
|
0-0: Ball 1-0: Called Strike 1-1: Called Strike 1-2: Strikes out swinging
|
Batting: LHB Jack Mason
|
0-0: Ball 1-0: Ball 2-0: Fielders Choice at 2nd, 4-6 (Groundball, 4M) Cristo Ramírez scores Steven Johnstone to third
|
Batting: RHB Marcus Wade
|
0-0: Foul Ball, location: 2F 0-1: Ball 1-1: Ball 2-1: Swinging Strike 2-2: Foul Ball, location: 2F 2-2: Foul Ball, location: 2F 2-2: Ball 3-2: Ground out 6-3 (Groundball, 6)
|
Bottom of the 7th over - 1 run(s), 2 hit(s), 0 error(s), 2 left on base; Athletic Club KC 2 - Naperville 8 |
TOP OF THE 8TH |
Athletic Club KC Reserves batting - Pitching for Naperville Battlekings : RHP Waylon Anderson
|
Batting: RHB Karl Stevens
|
0-0: Foul Ball, location: 2F 0-1: Ball 1-1: Ball 2-1: Ball 3-1: Foul Ball, location: 2F 3-2: Ground out 4-3 (Groundball, 4)
|
Batting: LHB Rafael García
|
0-0: Ball 1-0: Called Strike 1-1: Called Strike 1-2: Strikes out looking
|
Batting: RHB Nick Simmons
|
0-0: Swinging Strike 0-1: Ball 1-1: Ball 2-1: Called Strike 2-2: Ball 3-2: Foul Ball, location: 2F 3-2: Foul Ball, location: 2F 3-2: Strikes out swinging
|
Top of the 8th over - 0 run(s), 0 hit(s), 0 error(s), 0 left on base; Athletic Club KC 2 - Naperville 8 |
BOTTOM OF THE 8TH |
Naperville Battlekings batting - Pitching for Athletic Club KC Reserves : RHP Gerd Jans
|
Batting: RHB Sal Haynes
|
0-0: Called Strike 0-1: Ball 1-1: Fly out, F9 (Flyball, 9M)
|
Batting: RHB Wayne Bannatyne
|
0-0: Ball 1-0: Called Strike 1-1: SINGLE (Groundball, 34)
|
Batting: RHB Joe Ferneyhough
|
0-0: Called Strike 0-1: Called Strike 0-2: Ball 1-2: Grounds into double play, 6-4-3 (Groundball, 6M)
|
Bottom of the 8th over - 0 run(s), 1 hit(s), 0 error(s), 0 left on base; Athletic Club KC 2 - Naperville 8 |
TOP OF THE 9TH |
Athletic Club KC Reserves batting - Pitching for Naperville Battlekings : RHP Waylon Anderson
|
Batting: RHB Robert Hill
|
0-0: Fly out, F4 (Popup, 4MD)
|
Batting: RHB Adam Hennessey
|
0-0: Ball 1-0: Foul Ball, location: 2F 1-1: Ground out 4-3 (Groundball, 4)
|
Batting: RHB Jason Dunn
|
0-0: Ground out 6-3 (Groundball, 6)
|
Top of the 9th over - 0 run(s), 0 hit(s), 0 error(s), 0 left on base; Athletic Club KC 2 - Naperville 8 |
|